 Dungeon Crawl Stone Soup version 0.20-a0-923-g548304e (webtiles) character file.

18 AlphabetPasta the Sneak (level 2, -1/15 HPs)
             Began as a Kobold Enchanter on Mar 26, 2017.
             Slain by a jackal (2 damage)
             ... on level 1 of the Dungeon.
             The game lasted 00:04:00 (841 turns).

AlphabetPasta the Sneak (Kobold Enchanter)           Turns: 841, Time: 00:04:01

Health: -1/15      AC:  2    Str:  5    XL:     2   Next: 85%
Magic:  0/5        EV: 15    Int: 16    God:
Gold:   53         SH:  0    Dex: 15    Spells: 2/5 levels left

rFire    . . .     SeeInvis .   a - +1 dagger
rCold    . . .     Gourm    .   (shield restricted)
rNeg     . . .     Faith    .   b - +0 robe
rPois    .         Spirit   .   (no helmet)
rElec    .         Reflect  .   (no cloak)
rCorr    .         Harm     .   (no gloves)
MR       .....                  (no boots)
Stlth    +++.......             (no amulet)
Regen    0.1/turn               (no ring)
MPRegen  0.1/turn               (no ring)

@: no status effects
A: carnivore 3
a: no special abilities


You were on level 1 of the Dungeon.
You were completely stuffed.

You visited 1 branch of the dungeon, and saw 1 of its levels.

You collected 53 gold pieces.

Inventory:

Hand Weapons
 a - a +1 dagger (weapon)
Armour
 b - a +0 robe (worn)
Books
 c - a book of Maledictions

   Spells                             Type                      Level
   a - Corona                         Hexes                        1
   b - Ensorcelled Hibernation        Hexes/Ice                    2
   c - Confuse                        Hexes                        3
   d - Tukima's Dance                 Hexes                        3
   e - Dazzling Spray                 Conjuration/Hexes            3
Comestibles
 d - a meat ration
 f - a chunk of flesh


   Skills:
 * Level 2.2 Short Blades
 + Level 2.6 Dodging
 * Level 4.1 Stealth
 + Level 2.3 Spellcasting
 * Level 3.2 Hexes
 + Level 0.0 Ice Magic


You had 2 spell levels left.
You knew the following spells:

 Your Spells              Type           Power        Failure   Level  Hunger
a - Corona                Hex            ##.....      8%          1    #......
b - Ensorcelled Hibernat  Hex/Ice        #.....       17%         2    ###....


Dungeon Overview and Level Annotations

Branches:
Dungeon (1/15)

Altars:
Lugonu

Portals:
Abyss: D:1


Innate Abilities, Weirdness & Mutations

You are small and have problems with some larger weapons.
You are carnivorous and can eat meat at any time.


Message History

You hit the jackal.
The jackal is moderately wounded.
The jackal bites you.
You barely miss the jackal.
The jackal is moderately wounded.
The jackal misses you. The jackal barely misses you.
You hit the jackal but do no damage.
The jackal is moderately wounded.
The jackal closely misses you.
You closely miss the jackal. The jackal bites you.
* * * LOW HITPOINT WARNING * * *
The jackal bites you.
* * * LOW HITPOINT WARNING * * *
Casting: Ensorcelled Hibernation
Confirm with . or Enter, or press ? or * to list all spells.
Aiming: Corona
Press: ? - help, Shift-Dir - straight line, f - jackal
Aim: a jackal (chance to defeat MR: 66%)
The jackal barely resists.
The jackal closely misses you. The jackal bites you.
You die...

#..####.# #.....#.#######
# #..##.#........ .
.########...#%#..###### #
l.......#...#.#..# #
.########.#...#.#..#.###
#
.........................
.
#h####.#.##.....#..#.####
#..†..h@......#.#
###..............
################
########### ......#.... #
..#....#... #.
##...###...## ###.##....#
#...... #
..#..#...#........


You could see a jackal.

Vanquished Creatures
  A leopard gecko (D:1)
  A ball python (D:1)
  A giant cockroach (D:1)
  4 goblins (D:1)
  A hobgoblin (D:1)
  3 jackals (D:1)
  A kobold (D:1)
  A frilled lizard (D:1)
13 creatures vanquished.

Notes
Turn   | Place    | Note
-------+----------+-------------------------------------------
     0 | D:1      | AlphabetPasta the Kobold Enchanter began the quest for the Orb.
     0 | D:1      | Reached XP level 1. HP: 10/10 MP: 3/3
   351 | D:1      | Reached XP level 2. HP: 12/15 MP: 3/5
   380 | D:1      | Learned a level 2 spell: Ensorcelled Hibernation
   587 | D:1      | Found a one-way gate to the infinite horrors of the Abyss.
   588 | D:1      | Noticed a quasit
   588 | D:1      | Found a corrupted altar of Lugonu.
   589 | D:1      | Noticed a quasit
   589 | D:1      | Noticed a quasit
   589 | D:1      | Noticed a demonic crawler
   590 | D:1      | Noticed a demonic crawler
   841 | D:1      | Slain by a jackal

Vault maps used:
D:1:      erik_arrival_cave_to_civilisation, minivault_27

Skill      XL: |  1  2 |
---------------+-------+-----
Short Blades   | 2 |  2.2
Dodging        | |  2.6
Stealth        | |  4.1
Spellcasting   | |  2.3
Hexes          | |  3.2

Action                   || total
-------------------------++-------
Melee: Dagger            ||    68
 Cast: Corona            ||     8
       Ensorcelled Hiber ||     6
 Stab: Sleeping          ||     3
  Eat: Chunk             ||     9
Armor: Robe              ||     7
Dodge: Dodged            ||    58
